 Dungeon Crawl Stone Soup version 0.29-a0-1-gf2d273c862 (webtiles) character file.

Game seed: 6887385067296661197

1200 EiAlmux the Conjurer (level 8, -1/46 HPs)
             Began as a Deep Elf Conjurer on Jan 26, 2022.
             Slain by a wight (9 damage)
             ... on level 8 of the Dungeon.
             The game lasted 00:14:54 (7839 turns).

EiAlmux the Conjurer (Deep Elf Conjurer)            Turns: 7839, Time: 00:14:55

Health: -1/46      AC:  7    Str:  4    XL:     8   Next: 21%
Magic:  9/19       EV: 12    Int: 26    God:
Gold:   204        SH:  0    Dex: 13    Spells: 16/19 levels left

rFire   . . .      SeeInvis .   c - +0 short sword
rCold   . . .      Faith    .   (no shield)
rNeg    . . .      Spirit   .   d - +0 leather armour
rPois   .          Reflect  .   (no helmet)
rElec   .          Harm     .   (no cloak)
rCorr   .          Rampage  .   r - +0 pair of gloves
Will    .....                   p - +2 pair of boots
Stlth   +++.......              (no amulet)
HPRegen 0.15/turn               (no ring)
MPRegen 0.16/turn               (no ring)

@: slowed, very slow
A: no striking features
a: no special abilities


You were on level 8 of the Dungeon.
You visited 1 branch of the dungeon, and saw 8 of its levels.
You also visited: Ossuary.

You collected 204 gold pieces.

Inventory:

Hand Weapons
 c - a +0 short sword (weapon)
 e - the +6 shillelagh "Devastator" {shatter}
   (You found it on level 2 of the Dungeon)

   It releases a powerful concussive burst when it strikes, dealing extra damage
   to the target and all other foes adjacent to them.
Armour
 a - a +0 robe
 d - a +0 leather armour (worn)
 p - a +2 pair of boots (worn)
 r - a +0 pair of gloves (worn)
 G - an orb of guile
Jewellery
 b - an amulet of guardian spirit
Wands
 q - a wand of acid (10)
 z - a wand of charming (8)
 E - a wand of digging (5)
 F - a wand of iceblast (9)
Scrolls
 f - a scroll of vulnerability {unknown}
 h - a scroll of brand weapon {unknown}
 i - 2 scrolls of magic mapping {unknown}
 j - a scroll of acquirement {unknown}
 l - a scroll of torment {unknown}
 m - a scroll of silence {unknown}
 n - a scroll of teleportation {unknown}
 s - 3 scrolls of fog {unknown}
 u - 3 scrolls of enchant armour
 w - 3 scrolls of enchant weapon
 x - a scroll of immolation {unknown}
 y - a scroll of fear {unknown}
 D - a scroll of amnesia {unknown}
Potions
 g - 2 potions of heal wounds
 k - a potion of ambrosia
 o - 3 potions of lignification
 t - a potion of flight {unknown}
 v - a potion of mutation {unknown}
 A - a potion of degeneration {unknown}
 B - a potion of invisibility {unknown}
 C - 2 potions of might


   Skills:
 + Level 3.5 Fighting
 + Level 5.3 Dodging
 + Level 5.8 Stealth
 + Level 6.2 Spellcasting
 + Level 6.3 Conjurations
 - Level 3.0 Hexes


You had 16 spell levels left.
You knew the following spells:

 Your Spells              Type           Power      Damage    Failure   Level
a - Magic Dart            Conj           100%       1d8       1%          1
b - Searing Ray           Conj           82%        2d7       1%          2

Your spell library contained the following spells:

 Spells                   Type           Power      Damage    Failure   Level
 Dazzling Flash           Conj/Hex       64%        N/A       5%          3
 Fulminant Prism          Conj/Hex       16%        3d11      17%         4
 Iskenderun's Mystic Bla  Conj/Tloc      24%        2d7       32%         4
 Cause Fear               Hex            11%        N/A       34%         4
 Dragon Form              Tmut           4%         N/A       100%        7
 Dragon's Call            Summ           4%         N/A       100%        9


Dungeon Overview and Level Annotations

Branches:
Dungeon (8/15)            Ossuary (visited)
 Temple: D:4-7         Lair: D:8-11

Altars:
Qazlal
Ru

Annotations:
D:5 Prince Ribbit
D:7 exclusions: black bear and hornet


Message History

A wight comes into view. It is wielding a +0 scimitar.
Things that are here:
a +0 short sword; a +0 robe The kobold brigand throws a curare-tipped dart.
The curare-tipped dart hits you.
You are poisoned.
You have difficulty breathing.
You feel yourself slow down.
You feel very sick. 3 kobolds come into view.
You feel sick.
A kobold comes into view. It is wielding a +0 dagger.
The kobold brigand throws a curare-tipped dart.
The curare-tipped dart barely misses you.
Casting: Searing Ray (safe; 1% risk of failure)
Confirm with . or Enter, or press ? or * to list all spells.
Aiming: Searing Ray (safe; 1% risk of failure)
Press: ? - help, Shift-Dir - straight line, f/p - kobold brigand
Aim: a kobold brigand, wielding a +0 whip and quivering curare-tipped darts (severely wounded, 77% to hit)
The searing ray hits the kobold brigand.
The kobold brigand is almost dead. (Press . to maintain the ray.)
The kobold shouts! x4
You feel sick.
You hear a shout!
The searing ray misses the kobold brigand.
You feel sick.
The kobold brigand completely misses you.
The wight closely misses you. The kobold brigand closely misses you.
The searing ray hits the kobold brigand.
You kill the kobold brigand!
You feel sick.
The kobold throws a stone.
The stone barely misses you.
The wight hits you from afar with a +4 spear.
The wight hits you from afar with a +4 spear!
* * * LOW HITPOINT WARNING * * *
You feel sick.
You are no longer poisoned.
The kobold hits you but does no damage.
There is a stone staircase leading down here.
The wight hits you from afar with a +4 spear!
You die...

### #.# .$.#.# #..#.#
..#.# ...# ..#
########.##. #.#
#...<.......
####@####.######....
#.z.KK..#.# # #
#.##K##.#.#
#.##)##.K..>.#
#..)z....#.##########
##.z.....#.# #.....#
......##..#.####.....#
........##..#..........#
.........##..######.....#


You could see a wight and 4 kobolds.

Vanquished Creatures
  A centaur (D:7)
  A kobold brigand (D:8)
  A bullfrog (D:7)
  A wyvern skeleton (D:7)
  10 wights
  3 hounds
  An orc priest (D:4)
  A gnoll shaman (D:3)
  2 iguanas (D:4)
  An orc wizard (D:3)
  9 gnolls
  7 adders
  2 howler monkey skeletons
  An ufetubus (D:5)
  An adder skeleton (D:4)
  6 dart slugs
  12 orcs
  9 endoplasms
  3 giant cockroaches
  5 goblins
  6 hobgoblins
  7 jackals
  12 kobolds
  2 quokkas
  9 ball pythons
  4 ball python skeletons (Ossuary)
  8 frilled lizards
  2 hobgoblin skeletons (Ossuary)
  2 hobgoblin zombies (Ossuary)
  A kobold zombie (Ossuary)
  5 rats
135 creatures vanquished.

Notes
Turn   | Place    | Note
-------+----------+-------------------------------------------
     0 | D:1      | EiAlmux the Deep Elf Conjurer began the quest for the Orb.
     0 | D:1      | Reached XP level 1. HP: 10/10 MP: 6/6
   320 | D:1      | Reached XP level 2. HP: 16/16 MP: 2/8
   379 | D:1      | Learned a level 2 spell: Searing Ray
   436 | D:1      | Found a faded altar of an unknown god.
   578 | D:1      | Reached skill level 1 in Fighting
   844 | D:1      | Reached skill level 1 in Hexes
   844 | D:1      | Reached XP level 3. HP: 20/20 MP: 5/9
  1530 | D:2      | Found the +6 shillelagh "Devastator" {shatter}
  1556 | D:2      | Found a stormy altar of Qazlal.
  2084 | D:2      | Reached XP level 4. HP: 25/25 MP: 9/11
  3064 | D:3      | Reached XP level 5. HP: 27/30 MP: 6/12
  3124 | D:3      | Reached skill level 5 in Conjurations
  3919 | D:4      | Reached XP level 6. HP: 35/35 MP: 7/14
  5050 | D:5      | Entered Level 5 of the Dungeon
  5313 | D:5      | Noticed Prince Ribbit
  5326 | D:6      | Found a sand-covered staircase.
  5335 | Ossuary  | Entered an ossuary
  5680 | Ossuary  | Noticed a flying skull
  5680 | Ossuary  | Noticed a wraith
  5719 | Ossuary  | Noticed a flying skull
  5725 | Ossuary  | Noticed a wraith
  5733 | Ossuary  | Noticed a flying skull
  5970 | D:6      | Reached skill level 5 in Spellcasting
  5970 | D:6      | Reached XP level 7. HP: 40/40 MP: 9/16
  5970 | D:6      | Noticed a steam dragon
  6243 | D:7      | HP: 2/40 [centaur/arrow (11)]
  6621 | D:7      | Found a sacrificial altar of Ru.
  6807 | D:7      | Reached skill level 5 in Stealth
  7093 | D:7      | Reached skill level 5 in Dodging
  7116 | D:6      | Reached XP level 8. HP: 30/46 MP: 1/18
  7432 | D:7      | Noticed a hornet
  7839 | D:8      | Slain by a wight

Illustrated notes

Levels and vault maps discovered:
D:1:      dpeg_arrival_rhombi, layout_basic,
          hellmonk_ecumenical_altar_crossroads
D:2:      minmay_razor_zed, layout_basic, basic_altar
D:3:      layout_loops_cross, chequers_serial_rivers_marsh
D:4:      layout_basic, kennysheep_nondescript
D:5:      layout_loops_corners, mainiacjoe_overflow_chevrons,
          uniq_prince_ribbit1, uniq_crazy_yiuf_cottage, uniq_sigmund,
          uniq_eustachio
D:6:      layout_cave_pods, nicolae_tso_swordbearing_angel,
          general_overflow_altar, minmay_temple_entry_large_hall,
          enter_ossuary_1, kb_lookout_dungeons_type, uniq_grinder,
          uniq_blork_the_orc, uniq_duvessa
D:7:      layout_loops_corners, hangedman_ru_absence, nrook_mini_backslash
D:8:      layout_loops_cross, nzn_overflow_gifts_of_might_and_magic,
          nemelex_diamond_rough_becter

Skill      XL: |  1  2  3  4  5  6  7  8 |
---------------+-------------------------+-----
Fighting       | 1 2 3 |  3.5
Hexes          | 1 2 3 |  3.0
Stealth        | 3 4 5 |  5.8
Dodging        | 3 4 5 |  5.3
Spellcasting   | 4 5 6 |  6.2
Conjurations   | 5 6 |  6.3

Action                   |  1- 3 |  4- 6 |  7- 9 || total
-------------------------+-------+-------+-------++-------
Melee: Unarmed           |     5 |       |       ||     5
       Short sword       |       |     4 |       ||     4
 Cast: Magic Dart        |    82 |   166 |    46 ||   294
       Searing Ray       |     1 |     9 |    13 ||    23
  Use: Scroll            |       |     3 |     3 ||     6
Armor: Robe              |     6 |       |       ||     6
       Leather armour    |       |    10 |     9 ||    19
Dodge: Dodged            |    11 |    26 |    23 ||    60

Table legend: (Time is in decaauts)
 A = Elapsed time spent in this place.
 B = Non-inter-level travel time spent in this place.
 C = Inter-level travel time spent in this place.
 D = Time resting spent in this place.
 E = Time spent auto-exploring this place.
 F = Levels seen in this place.
 G = Mean time per level.
                   A        B        C        D        E       F      G
               +--------+--------+--------+--------+--------+-----+--------+
         Total |   7848 |   7701 |    147 |    758 |   6056 |   9 |  872.0 |
       Dungeon |   7388 |   7241 |    147 |    630 |   5848 |   8 |  923.5 |
       Ossuary |    460 |    460 |      0 |    128 |    208 |   1 |  460.0 |
               +--------+--------+--------+--------+--------+-----+--------+

Top non-repeatable levels by time:
     D:7: 1650 daAuts
     D:4: 1606 daAuts
     D:1: 1529 daAuts
     D:2: 992 daAuts
     D:3: 924 daAuts
 Ossuary: 460 daAuts
     D:6: 308 daAuts
     D:5: 273 daAuts
     D:8: 102 daAuts
